 Dungeon Crawl Stone Soup version 0.28.0-47-ge53b351184 (webtiles) character file.

Game seed: 16242338267488166231

2 Allula97 the Skirmisher (level 1, 0/18 HPs)
             Began as a Demonspawn Monk on May 5, 2022.
             Was a Believer of Qazlal.
             Slain by a kobold
             ... wielding a +1 dagger of freezing
              (2 damage)
             ... on level 1 of the Dungeon.
             The game lasted 00:00:57 (177 turns).

Allula97 the Skirmisher (Demonspawn Monk)            Turns: 177, Time: 00:00:58

Health: 0/18       AC:  2    Str: 11    XL:     1   Next: 33%
Magic:  1/1        EV: 13    Int: 11    God:    Qazlal [**....]
Gold:   0          SH:  3    Dex: 15    Spells: 0/0 levels left

rFire   . . .      SeeInvis .     - Unarmed
rCold   . . .      Faith    .   (no shield)
rNeg    . . .      Spirit   .   a - +0 robe
rPois   .          Reflect  .   (no helmet)
rElec   .          Harm     .   (no cloak)
rCorr   .          Rampage  .   (no gloves)
Will    .....                   (no boots)
Stlth   ++........              b - amulet of regeneration
HPRegen 0.86/turn               (no ring)
MPRegen 0.07/turn               (no ring)

@: no status effects
A: no striking features
a: Renounce Religion, Upheaval


You were on level 1 of the Dungeon.
You worshipped Qazlal.
Qazlal was pleased with you.
You visited 1 branch of the dungeon, and saw 1 of its levels.

Inventory:

Armour
 a - a +0 robe (worn)
Jewellery
 b - an amulet of regeneration (around neck)
Scrolls
 c - a scroll of teleportation {unknown}


   Skills:
 * Level 3.0 Fighting
 * Level 2.7 Dodging
 - Level 1.7 Stealth
 * Level 2.7 Unarmed Combat
 * Level 0.1 Invocations


You couldn't memorise any spells.
You didn't know any spells.
Your spell library contained the following spells:

 Spells                   Type           Power      Damage    Failure   Level
 Alistair's Intoxication  Tmut/Pois      0%         N/A       100%        5
 Borgnjor's Vile Clutch   Necr/Erth      0%         N/A       100%        5
 Eringya's Noxious Bog    Tmut/Pois      0%         N/A       100%        6


Dungeon Overview and Level Annotations

Branches:
Dungeon (1/15)

Altars:
Qazlal


Message History

You block the goblin's attack.
You hit the goblin.
The goblin is severely wounded.
The goblin hits you with a +0 dagger.
You barely miss the goblin.
The goblin is severely wounded.
The goblin barely misses you.
You hit the goblin.
The goblin is severely wounded.
The goblin misses you.
You hit the goblin.
You kill the goblin!
Qazlal accepts your kill.
You hear a shout!
A kobold comes into view. It is wielding a +1 dagger of freezing.
You see here a +0 dagger.
You closely miss the kobold.
The kobold hits you with a +1 dagger of freezing.
The kobold freezes you.
You hit the kobold.
The kobold is severely wounded.
You hear a shout!
The kobold barely misses you.
You closely miss the kobold.
The kobold is severely wounded.
You barely miss the kobold.
The kobold is severely wounded.
The kobold hits you with a +1 dagger of freezing.
The kobold freezes you.
You hit the kobold but do no damage.
The kobold is severely wounded.
You hear a shout!
The kobold hits you with a +1 dagger of freezing.
The kobold freezes you.
You miss the kobold. You punch the kobold, but do no damage.
The kobold is severely wounded.
The kobold hits you with a +1 dagger of freezing.
* * * LOW HITPOINT WARNING * * *
The kobold freezes you.
You die...

#. #. #..## #..# #.
#..#.##..# # #.
#.....#..## #. #.
#.........## ###.##.
##........... #.....K##
#............
......○@#####.........#.
......○.................
....(...#####.........8#
#.....#.............#..'
###.#...######...####.8#
#.##.## ###.# #... # #.
#.# #... .? #.# #.#. ##.
#.# #.##


You could see a kobold.

Vanquished Creatures
  A goblin (D:1)
  A quokka (D:1)
2 creatures vanquished.

Notes
Turn   | Place    | Note
-------+----------+-------------------------------------------
     0 | D:1      | Allula97 the Demonspawn Monk began the quest for the Orb.
     0 | D:1      | Reached XP level 1. HP: 18/18 MP: 1/1
   125 | D:1      | Found a faded altar of an unknown god.
   131 | D:1      | Prayed at the altar of an unknown god.
   131 | D:1      | Became a worshipper of Qazlal Stormbringer
   131 | D:1      | Reached * piety under Qazlal
   131 | D:1      | Reached ** piety under Qazlal
   177 | D:1      | Slain by a kobold

Illustrated notes

Levels and vault maps discovered:
D:1:      lightli_arrival_quake, layout_loops_ring,
          dreamdust_ecumenical_altar_angels_and_demons

Action                   || total
-------------------------++-------
Melee: Unarmed           ||    23
       Punch             ||     2
Armor: Robe              ||     2
Dodge: Dodged            ||    12
Block: Other             ||     3
